[Event "WchT 10th"]
[Site "Tsaghkadzor"]
[Date "2015.04.27"]
[Round "8.1"]
[White "Harikrishna, Pentala"]
[Black "Aronian, Levon"]
[Result "1/2-1/2"]
[ECO "D38"]
[WhiteElo "2731"]
[BlackElo "2770"]
[PlyCount "36"]
[EventDate "2015.04.19"]
[EventType "team-tourn"]
[EventRounds "9"]
[EventCountry "ARM"]
[SourceTitle "CBM 166"]
[Source "ChessBase"]
[SourceDate "2015.05.11"]
[SourceVersion "1"]
[SourceVersionDate "2015.05.11"]
[SourceQuality "1"]
[WhiteTeam "India"]
[BlackTeam "Armenia"]
[WhiteTeamCountry "IND"]
[BlackTeamCountry "ARM"]
[TimeControl "40/5400+30:1800+30"]

1. Nf3 d5 2. d4 Nf6 3. c4 e6 4. Nc3 Bb4 5. Bg5 h6 6. Bxf6 Qxf6 7. e3 O-O 8. Rc1 Nd7 9. Qb3 Bxc3+ 10. Qxc3 c6 11. b4 dxc4 12. Bxc4 b6 13.
O-O Bb7 14. Rfd1 Qe7 15. Be2 Rfc8 16. Qb3 a5 17. a3 axb4 18. axb4 Rab8 1/2-1/2

[Event "WchT 10th"]
[Site "Tsaghkadzor"]
[Date "2015.04.28"]
[Round "9.1"]
[White "Aronian, Levon"]
[Black "Shoker, Samy"]
[Result "1-0"]
[ECO "A42"]
[WhiteElo "2770"]
[BlackElo "2466"]
[PlyCount "47"]
[EventDate "2015.04.19"]
[EventType "team-tourn"]
[EventRounds "9"]
[EventCountry "ARM"]
[SourceTitle "CBM 166"]
[Source "ChessBase"]
[SourceDate "2015.05.11"]
[SourceVersion "1"]
[SourceVersionDate "2015.05.11"]
[SourceQuality "1"]
[WhiteTeam "Armenia"]
[BlackTeam "Egypt"]
[WhiteTeamCountry "ARM"]
[BlackTeamCountry "EGY"]
[TimeControl "40/5400+30:1800+30"]

1. d4 g6 2. c4 Bg7 3. e4 d6 4. Nc3 e6 5. Be3 Ne7 6. Qd2 h6 7. Bd3 Nd7 8. Nge2
b6 9. O-O a6 10. Bc2 Rb8 11. a4 Nc6 12. Rae1 Nb4 13. Bb1 c5 14. f4 Qc7 15. f5
cxd4 16. Nxd4 O-O 17. Bxh6 Qxc4 18. Bxg7 Kxg7 19. Rc1 Qc5 20. Na2 Nxa2 21. Rxc5
bxc5 22. fxe6 Ne5 23. Nf5+ gxf5 24. Qxd6 1-0

[Event "Tata Steel-A 79th"]
[Site "Wijk aan Zee"]
[Date "2017.01.14"]
[Round "1"]
[White "Harikrishna, Pentala"]
[Black "Aronian, Levon"]
[Result "1/2-1/2"]
[ECO "C89"]
[WhiteElo "2766"]
[BlackElo "2780"]
[PlyCount "97"]
[EventDate "2017.01.14"]
[EventType "tourn"]
[EventRounds "13"]
[EventCountry "NED"]
[EventCategory "21"]
[SourceTitle "CBM 177"]
[Source "ChessBase"]
[SourceDate "2017.03.16"]
[SourceVersion "1"]
[SourceVersionDate "2017.03.16"]
[SourceQuality "1"]
[TimeControl "40/6000+30:20/3000+30:900+30"]

1. e4 e5 2. Nf3 Nc6 3. Bb5 a6 4. Ba4 Nf6 5. O-O Be7 6. Re1 b5 7. Bb3 O-O 8. c3 d5 9. exd5 Nxd5 10. Nxe5 Nxe5 11. Rxe5 c6 12. d3 Bd6 13. Re1 Bf5 14. Qf3 Qh4 15. g3 Qh3 16. Be3 Bxd3 17. Nd2 Qf5 18.
Bd4 Rfe8 19. a4 h6 20. Kg2 Qxf3+ 21. Nxf3 Bf5 $146 (21... Rac8 22. axb5 axb5 23. Ne5 Bxe5 24. Rxe5
Rxe5 25. Bxe5 Re8 26. Bd4 Re2 27. Bxd5 cxd5 28. b4 h5 29. Kf3 Re4 30. h4 Kh7
31. Ra7 Kg6 32. Ra6+ Kh7 33. Ra7 Kg6 34. Ra6+ Kh7 {1/2-1/2 (34) Kokarev,D 
(2636)-Tomashevsky,E (2724) Novosibirsk 2016}) 22. Be5 Bc5 23. Nd4 Bd7 24. axb5 axb5 25. Rxa8 Rxa8 26. Nxb5 Be6 27. Nd4 Bxd4 28. Bxd4 Nf4+ 29. gxf4 Bxb3 30. Kg3 f6 31. h4 h5 32. Bc5 Rd8 33. Bd4 Ra8 34. f3 Ra2 35. Re8+ Kh7 36.
Re7 Kg8 37. Re2 Kh7 38. Re7 Kg8 39. Rb7 Rxb2 40. Rb6 Kh7 41.
Rxc6 Rd2 42. Rc5 Kg6 43. f5+ Kh7 44. Rc7 Kg8 45. Rc8+ Kh7 46.
Rd8 Rc2 47. Rd7 Kg8 48. Rd8+ Kh7 49. Rd7 1/2-1/2

[Event "Tata Steel-A 79th"]
[Site "Wijk aan Zee"]
[Date "2017.01.15"]
[Round "2"]
[White "Aronian, Levon"]
[Black "Wei, Yi"]
[Result "1/2-1/2"]
[ECO "E11"]
[WhiteElo "2780"]
[BlackElo "2706"]
[PlyCount "70"]
[EventDate "2017.01.14"]
[EventType "tourn"]
[EventRounds "13"]
[EventCountry "NED"]
[EventCategory "21"]
[SourceTitle "CBM 177"]
[Source "ChessBase"]
[SourceDate "2017.03.16"]
[SourceVersion "1"]
[SourceVersionDate "2017.03.16"]
[SourceQuality "1"]
[TimeControl "40/6000+30:20/3000+30:900+30"]

1. Nf3 d5 2. d4 Nf6 3. c4 e6 4. g3 Bb4+ 5. Bd2 Be7 6. Bg2 O-O 7. O-O Nbd7 8. a4 a5 9. Qc2 c6 10. Rc1 Ne4 11. Be3 $146 (11. Be1 f5 12. Nbd2 Bd6 13. e3 Ra7 14. Qd1 b6 15. cxd5 cxd5
16. Nb1 Ba6 17. Na3 Qa8 18. Nb5 Bxb5 19. axb5 Rc8 20. Bf1 Rxc1 21. Rxc1 Rc7 22.
Rxc7 Bxc7 23. Qa4 Qb8 24. b4 axb4 25. Bxb4 h6 26. Qc2 Bd6 27. Qc6 Ndf6 28. Bxd6
Qxd6 29. Qc8+ Kh7 30. Ne5 Qe7 31. Qc6 Ng4 32. Nxg4 fxg4 33. Bd3 g6 34. Bxe4
dxe4 35. Qxb6 {1-0 (35) Carlsen,M (2851)-Eljanov,P (2765) Stavanger 2016})
11... f5 12. Nc3 Bd6 13. Rd1 Qe7 14. Rac1 Ndf6 15. Ne5 Bxe5 16. dxe5 Ng4 17. Bd4 c5 18. Nxe4 dxe4 19. Bc3 Ra6 20. h3 Nh6 21. Qd2 Nf7 22. f3 exf3 23. exf3 b6 24. f4 Ra7 25. b3 Rd7 26. Qe2 Bb7 27. Rxd7 Qxd7 28. Rd1 Qe7 29. Bxb7 Qxb7 30. Kf2 Rd8 31. Rxd8+ Nxd8 32. Qd3 Nf7 33. g4 Nh6 34. g5 Nf7 35. h4 g6 1/2-1/2

[Event "Tata Steel-A 79th"]
[Site "Wijk aan Zee"]
[Date "2017.01.16"]
[Round "3"]
[White "Adhiban, Baskaran"]
[Black "Aronian, Levon"]
[Result "1/2-1/2"]
[ECO "D02"]
[WhiteElo "2653"]
[BlackElo "2780"]
[PlyCount "75"]
[EventDate "2017.01.14"]
[EventType "tourn"]
[EventRounds "13"]
[EventCountry "NED"]
[EventCategory "21"]
[SourceTitle "CBM 177"]
[Source "ChessBase"]
[SourceDate "2017.03.16"]
[SourceVersion "1"]
[SourceVersionDate "2017.03.16"]
[SourceQuality "1"]
[TimeControl "40/6000+30:20/3000+30:900+30"]

1. d4 Nf6 2. Nf3 d5 3. Bf4 c5 4. e3 Nc6 5. c3 e6 6. Nbd2 Be7 7. Ne5 Nd7 8. Bd3 O-O 9. Qh5 f5 10. Ndf3 Ndxe5 11. Nxe5 Nxe5 12. Bxe5 Bd6 $146 (12... Bd7 13. f4 Qe8 14. Qe2 c4 15. Bc2 Qg6 16. O-O b5 17. Kh1
Be8 18. g4 Qxg4 19. Qxg4 fxg4 20. Rg1 Bf6 21. Bd6 Rf7 22. Rxg4 Rd7 23. Be5 Bxe5
24. fxe5 Bh5 25. Rh4 g6 26. Rf4 Rf8 27. Rxf8+ Kxf8 28. Rf1+ Rf7 29. Rxf7+ Kxf7
30. Kg2 h6 31. e4 g5 32. exd5 exd5 33. Bf5 Ke7 34. Kg3 Bf7 35. Kg4 Be8 36. Bc8
Bg6 37. Ba6 Be8 38. Kf5 Kf7 39. e6+ Ke7 40. Ke5 Bc6 41. Bc8 a5 42. a3 {Ernst,R
(2225)-Richert Goerttler,K Germany 1997 1-0}) 13. f4 Bxe5 14. fxe5 Bd7 15. O-O Qb6 16. Rf2 Bb5 17. Bxb5 Qxb5 18. Raf1 Qd3 19. Rf3 Rf7 20. g4 Raf8 21. gxf5 g6 22. Qg5 Rxf5 23. Rxf5 exf5 24. Qf4 Qc4 25. a3 Qe2 26. Rf2 Qd1+ 27. Kg2 cxd4 28. cxd4 Rc8 29. Qf3 Qb3 30. h4 Rc1 31. h5 Re1 32. hxg6 hxg6 33. Re2 Rc1 34. Qg3 Kg7 35. Qg5 Qd1 36. Qe7+ Kh6 37. Qh4+ Kg7 38. Qe7+ 1/2-1/2

[Event "Tata Steel-A 79th"]
[Site "Wijk aan Zee"]
[Date "2017.01.17"]
[Round "4"]
[White "Aronian, Levon"]
[Black "Nepomniachtchi, Ian"]
[Result "1/2-1/2"]
[ECO "A65"]
[WhiteElo "2780"]
[BlackElo "2767"]
[PlyCount "55"]
[EventDate "2017.01.14"]
[EventType "tourn"]
[EventRounds "13"]
[EventCountry "NED"]
[EventCategory "21"]
[SourceTitle "CBM 177"]
[Source "ChessBase"]
[SourceDate "2017.03.16"]
[SourceVersion "1"]
[SourceVersionDate "2017.03.16"]
[SourceQuality "1"]
[TimeControl "40/6000+30:20/3000+30:900+30"]

1. d4 Nf6 2. c4 g6 3. f3 e6 4. Nc3 c5 5. d5 d6 6. e4 Bg7 7. Nge2 exd5 8.
cxd5 a6 9. a4 O-O 10. Ng3 Nbd7 11. Be2 Ne8 12. O-O Rb8 13. f4 Nc7 14. e5 dxe5 15. f5 b5 $146 (15... Nf6 16. fxg6 fxg6
17. Bg5 Nce8 18. Nge4 Nd6 19. Bxf6 Bxf6 20. Nxd6 Qxd6 21. Ne4 Qd8 22. d6 Bf5
23. Qd5+ Kg7 24. Nxc5 Qb6 25. Kh1 Qxb2 26. Bd3 b6 27. Bxf5 {1/2-1/2 (27)
Filgueira,H (2275)-Garcia,R Buenos Aires 1995}) 16. d6 Ne8 17. axb5 axb5 18. Nce4 c4 19. Bg5 Nef6 20. Kh1 Bb7 21. Bf3 Bxe4 22. Nxe4 Qb6 23. Qe1 Nxe4 24. Bxe4 Bf6 25. Bh6 Bg7 26. Bg5 Bf6 27. Bh6 Bg7 28. Bg5 1/2-1/2

[Event "Tata Steel-A 79th"]
[Site "Wijk aan Zee"]
[Date "2017.01.19"]
[Round "5"]
[White "Eljanov, Pavel"]
[Black "Aronian, Levon"]
[Result "0-1"]
[ECO "E05"]
[WhiteElo "2755"]
[BlackElo "2780"]
[PlyCount "74"]
[EventDate "2017.01.14"]
[EventType "tourn"]
[EventRounds "13"]
[EventCountry "NED"]
[EventCategory "21"]
[SourceTitle "CBM 177"]
[Source "ChessBase"]
[SourceDate "2017.03.16"]
[SourceVersion "1"]
[SourceVersionDate "2017.03.16"]
[SourceQuality "1"]
[TimeControl "40/6000+30:20/3000+30:900+30"]

1. Nf3 d5 2. g3 Nf6 3. Bg2 e6 4. O-O Be7 5. c4 O-O 6. d4 dxc4 7. Qc2 a6 8. a4 Bd7 9. Qxc4 Bc6 10. Bf4 Bd6 11. Qc1 Bxf4 12. Qxf4 Qd6 13. Qc1 Bd5 $146 (13... Qb4 14. a5 b6 15. Qc3
bxa5 16. Rxa5 Qb7 17. Rc1 Bd5 18. Nbd2 Nc6 19. Rxd5 Nxd5 20. Qxc6 Qxb2 21. e4
Nb4 22. Qxc7 a5 23. Rb1 Qc2 24. Qxc2 Nxc2 25. Rb2 Rfc8 26. Bf1 Rc3 27. Be2 a4
28. Bd1 a3 29. Rxc2 a2 30. Nb3 Rxc2 31. Bxc2 Ra3 32. Nfd2 a1=Q+ 33. Nxa1 Rxa1+
34. Bb1 Ra4 35. Nb3 Rb4 36. Bc2 Rc4 37. Bd1 e5 38. Kf1 exd4 39. Ke2 g6 40. Kd3
Rc3+ 41. Kxd4 Rc8 42. Ke3 h5 43. Nd4 {Donchenko,A (2582)-Warakomski,T (2474)
Legnica 2015 1-0}) 14. Nc3 Nc6 15. e3 Nb4 16. Qb1 Qe7 17. a5 c5 18. Nxd5 Nfxd5 19. e4 Nc7 20. dxc5 Qxc5 21. e5 Qe7 22. h4 h6 23. Qe4 Nb5 24. Rfc1 Rad8 25. Rc4 Nc6 26. Qf4 Rd7 27. Ne1 Nbd4 28. Qe3 Rfd8 29. h5 Nf5 30. Qc5 Qg5 31. Bxc6 bxc6 32. Qxc6 Qxh5 33. Qf3 Qg5 34. b4 Rd2 35. Qf4 Qxf4 36. Rxf4 Rb2 37. Rc1 Nd4 0-1